 Dungeon Crawl Stone Soup version 0.21-a0-591-g2314aa1 (webtiles) character file.

9143 mopl the Zephyrmancer (level 11, 0/89 HPs)
             Began as a Black Draconian Air Elementalist on Dec 22, 2017.
             Was a Believer of Vehumet.
             Killed by their own static electricity (1 damage)
             ... on level 10 of the Dungeon.
             The game lasted 00:28:14 (10416 turns).

mopl the Zephyrmancer (DrAE)                       Turns: 10416, Time: 00:28:15

Health: 0/89       AC: 11    Str: 12    XL:     11   Next: 19%
Magic:  10/22      EV: 14    Int: 20    God:    Vehumet [**....]
Gold:   513        SH:  0    Dex: 11    Spells: 5/25 levels left

rFire    . . .     SeeInvis .   s - +1 whip (venom)
rCold    . . .     Gourm    .   (no shield)
rNeg     . . .     Faith    .   (armour unavailable)
rPois    .         Spirit   .   (helmet restricted)
rElec    +         Reflect  .   I - +0 cloak
rCorr    .         Harm     .   (no gloves)
MR       .....                  o - +0 pair of boots
Stlth    ++........             (no amulet)
HPRegen  0.24/turn              z - +2 ring of protection
MPRegen  0.18/turn              h - +2 ring of intelligence

@: no status effects
A: breathe lightning, unfitting armour, electricity resistance, cold-blooded, AC
+7
a: Breathe Lightning, Renounce Religion


You were on level 10 of the Dungeon.
You worshipped Vehumet.
Vehumet was pleased with you.
You were not hungry.

You visited 2 branches of the dungeon, and saw 11 of its levels.

You collected 578 gold pieces.
You spent 65 gold pieces at shops.

Inventory:

Hand Weapons
 q - a +0 trident
 s - a +1 whip of venom (weapon)
 U - a +5 blowgun
Missiles
 X - 5 curare-tipped needles
Armour
 o - a +0 pair of boots (worn)
 I - a +0 cloak (worn)
 J - the +1 helmet of the Leaf {rF+ Regen+ Dex+3, unknown}
   (You found it on level 9 of the Dungeon)

   It affects your dexterity (+3).
   It protects you from fire.
   It increases your rate of regeneration.
 T - a +2 pair of boots
Magical Staves
 M - an uncursed staff of summoning {!a}
Jewellery
 h - a +2 ring of intelligence (right hand)
 r - an uncursed ring of protection from magic
 v - a +2 ring of evasion
 w - an uncursed ring of flight
 z - a +2 ring of protection (left hand)
 E - an uncursed ring of ice
Wands
 j - a wand of digging (2)
 C - a wand of acid (10)
 D - a wand of disintegration (12)
 L - a wand of enslavement (20)
 O - a wand of polymorph (7)
Scrolls
 c - 4 scrolls of blinking {unknown}
 d - 4 scrolls of remove curse
 g - 2 scrolls of random uselessness {unknown}
 i - 10 scrolls of teleportation
 k - 2 scrolls of magic mapping {unknown}
 m - a scroll of enchant armour {unknown}
 p - 2 scrolls of enchant weapon {unknown}
 t - 7 scrolls of amnesia
 x - 2 scrolls of fog {unknown}
 y - 2 scrolls of immolation {unknown}
 H - 3 scrolls of fear {unknown}
 N - 2 scrolls of torment {unknown}
 Q - a scroll of summoning {unknown}
 V - 2 scrolls of identify
 W - a scroll of brand weapon {unknown}
Potions
 e - a potion of ambrosia
 f - 4 potions of curing
 l - 3 potions of heal wounds
 n - 2 potions of cancellation
 u - a potion of lignification {!q}
 A - 4 potions of flight
 F - 3 potions of mutation {!q}
 G - a potion of might
 P - a potion of invisibility {unknown}
Books
 a - a book of Air

   Spells                             Type                      Level
   a - Shock                          Conjuration/Air              1
   b - Swiftness                      Charms/Air                   2
   c - Static Discharge               Conjuration/Air              3
   d - Airstrike                      Air                          4
   e - Lightning Bolt                 Conjuration/Air              5
 B - Hattionea's Volume of Dusty Companions
   (You found it on level 6 of the Dungeon)

   Spells                             Type                      Level
   a - Call Imp                       Summoning                    2
   b - Leda's Liquefaction            Hexes/Earth                  4
   c - Summon Lightning Spire         Summoning/Air                4
   d - Summon Mana Viper              Hexes/Summoning              5
   e - Summon Demon                   Summoning                    5
 K - a book of Battle

   Spells                             Type                      Level
   a - Infusion                       Charms                       1
   b - Shroud of Golubria             Charms/Translocation         2
   c - Song of Slaying                Charms                       2
   d - Spectral Weapon                Hexes/Charms                 3
   e - Regeneration                   Charms/Necromancy            3
 R - the Grimoire of Dislocated Battle Magic
   (You found it on level 10 of the Dungeon)

   Spells                             Type                      Level
   a - Flame Tongue                   Conjuration/Fire             1
   b - Recall                         Summoning/Translocation      3
   c - Lightning Bolt                 Conjuration/Air              5
   d - Bolt of Draining               Conjuration/Necromancy       5
   e - Conjure Ball Lightning         Conjuration/Air              6
Comestibles
 b - 20 rations
 S - 5 chunks of flesh


   Skills:
 + Level 5.7 Fighting
 + Level 5.1 Dodging
 - Level 1.7 Stealth
 + Level 7.6 Spellcasting
 + Level 8.1 Conjurations
 * Level 13.3 Air Magic


You had 5 spell levels left.
You knew the following spells:

 Your Spells              Type           Power        Failure   Level  Hunger
a - Shock                 Conj/Air       ####         1%          1    None
b - Static Discharge      Conj/Air       ######..     1%          3    None
c - Lightning Bolt        Conj/Air       ######....   3%          5    #####..
d - Summon Lightning Spi  Summ/Air       ####....     5%          4    ###....
f - Airstrike             Air            ######....   1%          4    ###....
r - Regeneration          Chrm/Necr      #.........   26%         3    None


Dungeon Overview and Level Annotations

Branches:
Dungeon (10/15)            Temple (1/1) D:7            Lair (0/6) D:9
    Orc (0/2) D:10

Altars:
Ashenzari
Cheibriados
Dithmenos
Fedhas
Gozag
Hepliaklqana
Kikubaaqudgha
Makhleb
Nemelex Xobeh
Okawaru
Qazlal
Ru
Sif Muna
Trog
Uskayaw
Vehumet
Wu Jian
Yredelemnul
Zin
The Shining One

Shops:
D:6 *}}

Annotations:
D:7 exclusion: ice statue


Innate Abilities, Weirdness & Mutations

You can breathe wild blasts of lightning.
Your glossy black scales are hard. (AC +7)
You cannot fit into any form of body armour.
You are resistant to electric shocks. (rElec)
You are cold-blooded and may be slowed by cold attacks.


Message History

Something barely misses you. The warg barely misses you.
Something hits you but does no damage.
Unknown command.
Casting: Static Discharge
Confirm with . or Enter, or press ? or * to list all spells.
The warg is struck by lightning.
The warg is almost dead.
The lightning arcs!
Something hits you.
* * * LOW HITPOINT WARNING * * *
The warg completely misses you. Something barely misses you.
The warg bites you!
* * * LOW HITPOINT WARNING * * *
Casting: Static Discharge
Confirm with . or Enter, or press ? or * to list all spells.
Something is struck by lightning.
The lightning grounds out.
The warg is struck by lightning.
You kill the warg!
Vehumet accepts your kill.
The lightning arcs!
You are struck by lightning.
You resist.
You die...

(................. ..........#
#######........... ...!......#
#........... ..........#
#######........... ..........#
.................. ..........#
.................. ..........#
...........##################.#
..............................#
................@{............#
..............................#
..............................#
..............................#
..............................#
###############################


There were no monsters in sight!

Vanquished Creatures
  A two-headed ogre (D:9)
  The ghost of M4edhros the Cudgeler, a novice OpAr of Cheibriados (D:8)
  The ghost of Typee the Firebug, a novice OpFE of Sif Muna (D:7)
  Pikel (D:7)
  Maurice (D:8)
  A hornet (D:8)
  2 yaks
  A vampire mosquito (D:9)
  2 wargs (D:10)
  2 soldier ants (D:8)
  2 water moccasins
  5 orc warriors
  2 sky beasts
  2 slaves (D:7)
  An ice beast (D:10)
  A hornet zombie (D:8)
  4 phantoms
  A centaur (D:8)
  6 ogres
  3 bullfrogs
  5 scorpions
  5 killer bees (D:9)
  2 howler monkeys (D:9)
  4 wights (D:6)
  A bullfrog zombie (D:7)
  2 centaur zombies
  3 crimson imps
  A quasit (D:9)
  7 orc priests
  A bullfrog skeleton (D:5)
  6 hounds
  10 orc wizards
  2 iguanas
  6 worker ants
  A hound zombie (D:8)
  A hound skeleton (D:3)
  A worker ant zombie (D:6)
  3 gnolls (D:10)
  11 adders
  3 adder skeletons
  2 adder zombies
  4 worms
  2 dart slugs (D:1)
  A leopard gecko (D:1)
  31 orcs
  8 bats
  13 giant cockroaches
  4 goblins
  11 hobgoblins
  19 jackals
  7 kobolds
  2 quokkas
  3 frilled lizards (D:3)
  A leopard gecko skeleton (D:4)
  A quokka skeleton (D:6)
  A quokka zombie (D:5)
  8 rats
233 creatures vanquished.

Vanquished Creatures (collateral kills)
  2 two-headed ogres
  2 yaks (D:10)
  2 orc warriors (D:10)
  A black bear (D:8)
  2 orc wizards
  5 orcs
14 creatures vanquished.

Vanquished Creatures (others)
  An orc (D:7)
  2 jackals (D:7)
3 creatures vanquished.

Grand Total: 250 creatures vanquished

Notes
Turn   | Place    | Note
-------+----------+-------------------------------------------
     0 | D:1      | mopl the Draconian Air Elementalist began the quest for the Orb.
     0 | D:1      | Reached XP level 1. HP: 14/14 MP: 3/3
   140 | D:1      | Reached XP level 2. HP: 16/20 MP: 0/5
   792 | D:2      | Reached XP level 3. HP: 26/26 MP: 3/6
   797 | D:2      | Learned a level 3 spell: Static Discharge
   807 | D:2      | Found a sparkling altar of Nemelex Xobeh.
   821 | D:2      | Reached skill level 2 in Conjurations
  1183 | D:2      | Reached XP level 4. HP: 26/33 MP: 1/8
  1222 | D:2      | Learned a level 4 spell: Airstrike
  1383 | D:2      | Found a shattered altar of Ashenzari.
  1694 | D:3      | Reached skill level 3 in Spellcasting
  1694 | D:3      | Reached skill level 4 in Air Magic
  1981 | D:3      | Reached XP level 5. HP: 31/38 MP: 0/9
  2232 | D:3      | Reached skill level 3 in Conjurations
  2490 | D:4      | Found a hide-covered altar of Uskayaw.
  2514 | D:4      | Reached skill level 5 in Air Magic
  2514 | D:4      | Reached XP level 6. HP: 39/45 MP: 11/11
  2863 | D:4      | Found a sacrificial altar of Ru.
  3323 | D:5      | Entered Level 5 of the Dungeon
  3490 | D:5      | Reached skill level 4 in Spellcasting
  3695 | D:5      | Your scales start taking on a glossy black colour.
  3695 | D:5      | Reached skill level 7 in Air Magic
  3695 | D:5      | Reached XP level 7. HP: 50/50 MP: 10/13
  3695 | D:5      | Gained mutation: You are resistant to electric shocks. (rElec) [Black Draconian growth]
  3700 | D:5      | Reached skill level 4 in Conjurations
  3722 | D:5      | Got a warped hunting sling
  3723 | D:5      | Identified the +9 hunting sling "Asishres" {velocity, rN+} (You found it on level 5 of the Dungeon)
  4051 | D:5      | Learned a level 5 spell: Lightning Bolt
  4234 | D:6      | Reached skill level 8 in Air Magic
  4376 | D:6      | Found Fuheutt's Gadget Shop.
  4470 | D:6      | Found a basalt altar of Yredelemnul.
  4484 | D:6      | Reached XP level 8. HP: 21/57 MP: 6/15
  4740 | D:6      | Found Lour's Gadget Shoppe.
  4748 | D:6      | Identified Hattionea's Volume of Dusty Companions
  4832 | D:6      | Reached skill level 5 in Conjurations
  4923 | D:6      | Reached skill level 5 in Spellcasting
  4923 | D:6      | Reached skill level 9 in Air Magic
  5657 | D:6      | Found Gafrez's General Store.
  5665 | D:6      | Bought a scroll of identify for 26 gold pieces
  5665 | D:6      | Bought a scroll of teleportation for 39 gold pieces
  5740 | D:7      | Noticed Typee's ghost (novice OpFE)
  5764 | D:7      | Found a burning altar of Makhleb.
  5841 | D:7      | Noticed Pikel
  5864 | D:7      | Killed Pikel
  5864 | D:7      | Reached skill level 6 in Conjurations
  5864 | D:7      | Reached skill level 10 in Air Magic
  5864 | D:7      | Reached XP level 9. HP: 24/62 MP: 4/17
  5955 | D:7      | Found a staircase to the Ecumenical Temple.
  5962 | Temple   | Entered the Ecumenical Temple
  6116 | Temple   | Became a worshipper of Vehumet
  6398 | D:7      | Reached skill level 2 in Dodging
  6426 | D:7      | Killed Typee's ghost
  6426 | D:7      | Reached skill level 1 in Fighting
  6426 | D:7      | Reached skill level 6 in Spellcasting
  6465 | D:7      | Reached skill level 11 in Air Magic
  6523 | D:7      | Noticed an ice statue
  6560 | D:8      | Reached skill level 2 in Fighting
  6594 | D:8      | Found a shadowy altar of Dithmenos.
  6765 | D:8      | Noticed M4edhros's ghost (novice OpAr)
  6791 | D:8      | Killed M4edhros's ghost
  6791 | D:8      | Reached skill level 3 in Fighting
  6791 | D:8      | Reached skill level 3 in Dodging
  6925 | D:8      | Reached * piety under Vehumet
  6925 | D:8      | Offered knowledge of Freeze by Vehumet.
  6927 | D:8      | Noticed Maurice
  6928 | D:8      | Reached XP level 10. HP: 57/77 MP: 4/19
  6999 | D:8      | Killed Maurice
  6999 | D:8      | Reached skill level 7 in Conjurations
  7202 | D:8      | Learned a level 4 spell: Summon Lightning Spire
  7206 | D:8      | Learned a level 3 spell: Regeneration
  7240 | D:8      | Noticed a two-headed ogre
  7245 | D:8      | Killed a two-headed ogre
  7245 | D:8      | Reached skill level 4 in Fighting
  7245 | D:8      | Reached skill level 12 in Air Magic
  7329 | D:8      | You fall through a shaft for 2 floors!
  7329 | D:10     | Entered Level 10 of the Dungeon
  7388 | D:9      | Found a staircase to the Lair.
  7557 | D:9      | Noticed a two-headed ogre
  7557 | D:9      | Reached skill level 4 in Dodging
  7559 | D:9      | Reached skill level 7 in Spellcasting
  7574 | D:9      | Killed a two-headed ogre
  7918 | D:9      | Got a twisted helmet
  8202 | D:9      | Found a snail-covered altar of Cheibriados.
  8208 | D:9      | Noticed a two-headed ogre
  8212 | D:9      | Killed a two-headed ogre
  8212 | D:9      | Reached skill level 5 in Fighting
  9039 | D:10     | Reached ** piety under Vehumet
  9039 | D:10     | Offered knowledge of Sandblast by Vehumet.
  9039 | D:10     | Reached skill level 13 in Air Magic
  9049 | D:10     | Reached XP level 11. HP: 52/88 MP: 17/22
  9069 | D:10     | Identified the Grimoire of Dislocated Battle Magic
  9388 | D:10     | Noticed Sonja
  9392 | D:10     | Noticed Sonja
  9392 | D:10     | Sonja changed into Sonja the ogre
  9399 | D:10     | Killed Sonja the ogre
  9543 | D:10     | Reached skill level 5 in Dodging
  9562 | D:10     | Found a staircase to the Orcish Mines.
  9598 | D:10     | Reached skill level 8 in Conjurations
 10415 | D:10     | HP: 1/89 [warg (12)]
 10416 | D:10     | Killed from afar by themself

Vault maps used:
D:1:      mrwooster_arrival_arrow
D:2:      nemelex_altar_shiori, lemuel_coloured_pillars_altar,
          kennysheep_generic_room_8
D:4:      marbit_many_paths, nicolae_overflow_crystal_walls, first_ration,
          glass_columns_b
D:6:      old_standard_altar, serial_shops, shop, nicolae_shop_statue_plus,
          nicolae_shop_trees
D:7:      lemuel_ice_statue, lemuel_round_altar, minmay_temple_entry_overgrown,
          uniq_pikel
D:8:      nicolae_dithmenos_through_a_glass_darkly, hangedman_pestilent_swarm,
          uniq_maurice
D:9:      cheibrodos_barr_body, cheibrodos_worm_habitat, lair_entry_dummy
D:10:     david_orc_1_choice, minmay_lindwurm_lava, uniq_sonja
Temple:   dpeg_chambers_temple

Skill      XL: |  1  2  3  4  5  6  7  8  9 10 11 |
---------------+----------------------------------+-----
Conjurations   | 2 3 4 6 7 8 |  8.1
Spellcasting   | 3 4 5 6 7 |  7.6
Air Magic      | 4 5 7 8 10 11 13 | 13.3
Dodging        | 3 4 5 |  5.1
Fighting       | 3 5 |  5.7
Stealth        | |  1.7

Action                   |  1- 3 |  4- 6 |  7- 9 | 10-12 || total
-------------------------+-------+-------+-------+-------++-------
Melee: Unarmed           |    11 |     1 |       |       ||    12
       Tailslap          |     1 |     7 |    21 |    16 ||    45
       Trident           |       |    18 |       |       ||    18
       Whip              |       |   131 |   178 |   165 ||   474
 Cast: Shock             |    71 |    44 |    40 |    23 ||   178
       Static Discharge  |       |     8 |    31 |    42 ||    81
       Airstrike         |       |       |    12 |    17 ||    29
       Summon Lightning  |       |       |       |    10 ||    10
       Lightning Bolt    |       |       |       |     2 ||     2
 Abil: Breathe Lightning |       |       |     5 |     1 ||     6
Evoke: Wand              |       |       |       |     4 ||     4
  Use: Scroll            |       |       |    11 |     1 ||    12
       Potion            |       |       |       |     3 ||     3
 Stab: Sleeping          |     1 |     4 |     2 |     1 ||     8
       Distracted        |       |     1 |       |       ||     1
  Eat: Chunk             |     1 |     9 |    11 |    15 ||    36
       Ration            |       |       |     1 |       ||     1
Armor: Skin              |    30 |    49 |    73 |    78 ||   230
Dodge: Dodged            |    40 |   113 |   130 |   132 ||   415

Table legend:
 A = Spawn XP
 B = Non-spawn XP
 C = Spawn XP percentage of total XP
 D = Spawn monster count
 E = Non-spawn monster count
 F = Spawn count percentage of total count
 G = Total turns spent on level
                    A         B        C        D         E        F      G
               +---------+---------+-------+---------+---------+-------+---------
         Total |       0 |   13062 |   0.0 |       0 |     245 |   0.0 | 10416
               +---------+---------+-------+---------+---------+-------+---------
           D:1 |       0 |      34 |   0.0 |       0 |      17 |   0.0 |   753
           D:2 |       0 |      83 |   0.0 |       0 |      27 |   0.0 |   920
           D:3 |       0 |     238 |   0.0 |       0 |      34 |   0.0 |   801
           D:4 |       0 |     221 |   0.0 |       0 |      17 |   0.0 |   849
           D:5 |       0 |     532 |   0.0 |       0 |      17 |   0.0 |   965
           D:6 |       0 |    1049 |   0.0 |       0 |      27 |   0.0 |  1460
           D:7 |       0 |    1773 |   0.0 |       0 |      15 |   0.0 |   628
           D:8 |       0 |    3285 |   0.0 |       0 |      18 |   0.0 |  1146
           D:9 |       0 |    3317 |   0.0 |       0 |      34 |   0.0 |  1266
          D:10 |       0 |    2530 |   0.0 |       0 |      39 |   0.0 |  1452
               +---------+---------+-------+---------+---------+-------+---------
